 Dungeon Crawl Stone Soup version 0.28-a0-628-g3c9886e45e (webtiles) character file.

Game seed: 4155169134057062602

88 siradein the Sneak (level 4, -2/38 HPs)
             Began as a Draconian Brigand on Oct 8, 2021.
             Slain by an ogre (21 damage)
             ... on level 3 of the Dungeon.
             The game lasted 00:03:39 (1736 turns).

siradein the Sneak (Draconian Brigand)              Turns: 1736, Time: 00:03:40

Health: -2/38      AC:  6    Str: 14    XL:     4   Next: 30%
Magic:  4/4        EV: 12    Int: 11    God:
Gold:   67         SH:  0    Dex: 13    Spells: 3/3 levels left

rFire   . . .      SeeInvis .   o - +0 rapier
rCold   + . .      Faith    .   (no shield)
rNeg    . . .      Spirit   .   (armour unavailable)
rPois   .          Reflect  .   (helmet restricted)
rElec   .          Harm     .   l - +0 cloak
rCorr   .          Rampage  .   (no gloves)
Will    .....                   (no boots)
Stlth   ++........              (no amulet)
HPRegen 0.12/turn               j - ring of protection from cold
MPRegen 0.09/turn               (no ring)

@: no status effects
A: AC +5, unfitting armour, cold-blooded
a: no special abilities


You were on level 3 of the Dungeon.
You visited 1 branch of the dungeon, and saw 3 of its levels.

You collected 67 gold pieces.

Inventory:

Hand Weapons
 o - a +0 rapier (weapon)
Missiles
 c - 7 poisoned darts (quivered)
 d - 2 curare-tipped darts
Armour
 l - a +0 cloak (worn)
Jewellery
 j - a ring of protection from cold (left hand)
Wands
 f - a wand of paralysis (10)
Scrolls
 a - 3 scrolls of amnesia {unknown}
 g - a scroll of vulnerability {unknown}
 i - a scroll of torment {unknown}
Potions
 h - 3 potions of attraction {unknown}
 k - a potion of degeneration {unknown}
 m - 2 potions of flight {unknown}
 n - a potion of cancellation {unknown}


   Skills:
 + Level 3.1 Fighting
 - Level 2.0(2.3) Short Blades
 + Level 1.7(2.2) Long Blades
 + Level 2.6 Throwing
 + Level 1.9 Dodging
 - Level 3.6 Stealth


You had 3 spell levels left.
You didn't know any spells.
Your spell library contained the following spells:

 Spells                   Type           Power      Damage    Failure   Level
 Foxfire                  Conj/Fire      0%         2x1d4     34%         1
 Magic Dart               Conj           0%         1d3       34%         1
 Call Imp                 Summ           0%         N/A       47%         2
 Conjure Flame            Conj/Fire      0%         6-21      71%         3
 Inner Flame              Hex/Fire       0%         N/A       71%         3
 Mephitic Cloud           Conj/Pois/Air  0%         N/A       71%         3
 Flame Wave               Conj/Fire      0%         3d3       98%         4


Dungeon Overview and Level Annotations

Branches:
Dungeon (3/15)

Altars:


Innate Abilities, Weirdness & Mutations

Your plain brown scales are hard. (AC +5)
You cannot fit into any form of body armour.
You are cold-blooded and may be slowed by cold attacks.


Message History

The ball python bites you but does no damage.
The ball python grabs you. The ball python constricts you.
You hit the ball python but do no damage.
You tail-slap the ball python.
The ball python is moderately wounded.
The ball python bites you but does no damage.
The ball python constricts you.
You hit the ball python.
You kill the ball python!
You barely miss the goblin. You tail-slap the goblin.
You kill the goblin!
You barely miss the jackal.
Your tail-slap misses the jackal.
The jackal barely misses you.
You closely miss the jackal.
Your tail-slap misses the jackal.
The jackal barely misses you.
The jackal pauses to sniff the ground.
The jackal misses you.
You closely miss the jackal.
The jackal bites you but does no damage.
You open the door.
The jackal bites you but does no damage. x2
Found a runed mace and a scroll labelled UMEETE DUWE.
You closely miss the jackal. The jackal completely misses you.
You hit the jackal.
The jackal is severely wounded.
The jackal misses you. The jackal bites you.
You hit the jackal.
You kill the jackal!
You closely miss the goblin. You tail-slap the goblin.
You kill the goblin!
There is an open door here.
You see here a scroll labelled UMEETE DUWE.
Throw: 8 darts (poison)
Press: ? - help, Q - select action, (/) - cycle Shift-Dir - straight line, f - ogre
Aim: an ogre, wielding a +0 giant club (74% to hit)
You throw a poisoned dart. The poisoned dart hits the ogre.
The ogre is poisoned.
The ogre hits you with a +0 giant club!!
Ouch! That really hurt!
You die...

## ##+## #.
##...## #.
##.....## ###.
##.......## ##.#.
#.........####....
+@O.......'.).....
#....)....####....
##.......## ##.#.
##...(.## ##..
##...## ### ##+##


You could see an ogre (poisoned).

Vanquished Creatures
  An orc priest (D:3)
  3 dart slugs
  4 orcs (D:3)
  8 endoplasms
  A giant cockroach (D:3)
  7 goblins
  2 hobgoblins
  A jackal (D:3)
  2 ball pythons
  6 bats (D:2)
  4 frilled lizards
  5 kobolds
  3 rats
47 creatures vanquished.

Vanquished Creatures (others)
  2 plants (D:2)
2 creatures vanquished.

Grand Total: 49 creatures vanquished

Notes
Turn   | Place    | Note
-------+----------+-------------------------------------------
     0 | D:1      | siradein the Draconian Brigand began the quest for the Orb.
     0 | D:1      | Reached XP level 1. HP: 17/17 MP: 1/1
    18 | D:1      | Reached skill level 1 in Dodging
   229 | D:1      | Reached XP level 2. HP: 25/25 MP: 2/2
   345 | D:1      | Found a faded altar of an unknown god.
   346 | D:1      | Noticed a golden eye
   352 | D:1      | Noticed a golden eye
   372 | D:1      | Reached skill level 1 in Long Blades
   570 | D:1      | Noticed a golden eye
   577 | D:1      | Noticed a floating eye
   845 | D:2      | Reached XP level 3. HP: 30/30 MP: 3/3
  1571 | D:3      | Reached XP level 4. HP: 15/38 MP: 4/4
  1679 | D:3      | Noticed an ogre
  1736 | D:3      | Slain by an ogre

Illustrated notes

Levels and vault maps discovered:
D:1:      dpeg_arrival_tiny_h, layout_rooms,
          hellmonk_ecumenical_altar_watching_god
D:2:      layout_loops_cross, serial_bayou, serial_bayou_pond_e,
          serial_bayou_pond_a, serial_bayou_pond_b, serial_bayou_ford_a,
          serial_bayou_shore_b, serial_bayou_lake_a
D:3:      minmay_angry_zag, layout_loops_corners, gup_sewer_entry_bubbles,
          uniq_terence, uniq_robin, uniq_jessica

Skill      XL: |  1  2  3 |
---------------+----------+-----
Dodging        | 1 |  1.9
Throwing       | 2 |  2.6
Long Blades    | 1 |  1.7
Fighting       | 3 |  3.1
Short Blades   | |  2.0
Stealth        | |  3.6

Action                   |  1- 3 |  4- 6 || total
-------------------------+-------+-------++-------
Melee: Dagger            |    94 |    15 ||   109
       Tailslap          |    13 |     5 ||    18
       Rapier            |       |    10 ||    10
Throw: Dart              |       |     1 ||     1
 Stab: Sleeping          |     5 |       ||     5
Armor: Skin              |    37 |    10 ||    47
Dodge: Dodged            |    49 |    29 ||    78

Table legend: (Time is in decaauts)
 A = Elapsed time spent in this place.
 B = Non-inter-level travel time spent in this place.
 C = Inter-level travel time spent in this place.
 D = Time resting spent in this place.
 E = Time spent auto-exploring this place.
 F = Levels seen in this place.
 G = Mean time per level.
                   A        B        C        D        E       F      G
               +--------+--------+--------+--------+--------+-----+--------+
         Total |   1755 |   1702 |     53 |      0 |   1233 |   3 |  585.0 |
       Dungeon |   1755 |   1702 |     53 |      0 |   1233 |   3 |  585.0 |
               +--------+--------+--------+--------+--------+-----+--------+

Top non-repeatable levels by time:
     D:2: 830 daAuts
     D:1: 625 daAuts
     D:3: 299 daAuts
